 Dungeon Crawl Stone Soup version 0.29-a0-668-g12ee2bf84d (webtiles) character file.

Game seed: 8002822077770300931

70 happo123 the Stinger (level 4, 0/32 HPs)
             Began as a Formicid Venom Mage on June 23, 2022.
             Slain by an orc wizard
             ... wielding a +0 dagger
              (2 damage)
             ... on level 3 of the Dungeon.
             The game lasted 00:19:13 (2008 turns).

happo123 the Stinger (Formicid Venom Mage)          Turns: 2008, Time: 00:19:14

Health: 0/32       AC:  3    Str: 13    XL:     4   Next: 45%
Magic:  5/8        EV: 12    Int: 16    God:
Gold:   57         SH:  0    Dex: 14    Spells: 2/8 levels left

rFire   . . .      SeeInvis +   p - +2 whip (elec)
rCold   . . .      Faith    .   (no shield)
rNeg    . . .      Spirit   .   a - +0 robe
rPois   +          Reflect  .   (helmet unavailable)
rElec   .          Harm     .   (no cloak)
rCorr   .          Rampage  .   (no gloves)
Will    .....                   j - +0 pair of boots
Stlth   ++........              (no amulet)
HPRegen 0.10/turn               e - ring of poison resistance
MPRegen 0.11/turn               (no ring)

@: no status effects
A: permanent stasis, dig shafts and tunnels, antennae 3, four strong arms
a: Dig, Shaft Self


You were on level 3 of the Dungeon.
You visited 1 branch of the dungeon, and saw 3 of its levels.

You collected 57 gold pieces.

Inventory:

Hand Weapons
 f - a +0 short sword
 p - a +2 whip of electrocution (weapon)
Armour
 a - a +0 robe (worn)
 j - a +0 pair of boots (worn)
Jewellery
 e - a ring of poison resistance (left hand)
Scrolls
 c - a scroll of teleportation {unknown}
 i - 3 scrolls of vulnerability {unknown}
 k - 3 scrolls of identify {unknown}
 o - a scroll of magic mapping {unknown}
Potions
 b - a potion of magic
 d - 2 potions of curing {unknown}
 g - a potion of cancellation {unknown}
 h - 2 potions of haste {unknown}
 l - a potion of flight {unknown}
 m - a potion of degeneration {unknown}
 n - a potion of heal wounds {unknown}


   Skills:
 + Level 1.0 Fighting
 + Level 2.1 Dodging
 + Level 3.0 Stealth
 * Level 2.9 Spellcasting
 + Level 0.2 Conjurations
 + Level 1.7 Transmutations
 * Level 4.8 Poison Magic


You had 2 spell levels left.
You knew the following spells:

 Your Spells              Type           Power      Damage    Failure   Level
a - Sting                 Tmut/Pois      48%        1d5       4%          1
b - Poisonous Vapours     Pois/Air       20%        N/A       11%         2
c - Mephitic Cloud        Conj/Pois/Air  7%         N/A       28%         3

Your spell library contained the following spells:

 Spells                   Type           Power      Damage    Failure   Level
 Beastly Appendage        Tmut           14%        N/A       10%         1
 Wereblood                Tmut           7%         N/A       14%         2
 Spider Form              Tmut/Pois      12%        N/A       14%         3
 Olgreb's Toxic Radiance  Pois           17%        N/A       26%         4


Dungeon Overview and Level Annotations

Branches:
Dungeon (3/15)

Altars:

Annotations:
D:3 1 transporter


Innate Abilities, Weirdness & Mutations

You cannot be hasted, slowed, berserked, paralysed or teleported.
You can dig through walls and to a lower floor.
You have a pair of large antennae on your head. (SInv)
Your four strong arms can wield two-handed weapons with a shield.


Message History

Casting: Sting (safe; 4% risk of failure)
Confirm with . or Enter, or press ? or * to list all spells.
The spell is quite dangerous to miscast (28% risk of failure)!
Continue anyway?
Aiming: Mephitic Cloud (quite dangerous; 28% risk of failure)
Press: ? - help, Shift-Dir - straight line, p - orc wizard The ball explodes into a vile cloud!
The stinking cloud engulfs the orc wizard but does no damage. x2
The orc wizard is severely wounded.
You hear a shout! x2
The orc wizard is engulfed in noxious fumes.
The orc wizard appears confused.
The orc wizard casts a spell at you. The magic dart hits you.
* * * LOW HITPOINT WARNING * * *
The orc wizard is engulfed in noxious fumes.
The orc wizard appears confused.
The orc wizard closely misses the orc wizard.
The orc wizard hits itself with a +0 dagger.
The orc wizard hits you with a +0 dagger.
* * * LOW HITPOINT WARNING * * *
You hit the orc wizard but do no damage.
The orc wizard is severely wounded.
The orc wizard looks more healthy.
The orc wizard completely misses you.
You miss the orc wizard.
The orc wizard is severely wounded.
The orc wizard is engulfed in noxious fumes.
The orc wizard appears confused.
The orc wizard hits you with a +0 dagger.
* * * LOW HITPOINT WARNING * * *
You hit the orc wizard.
The orc wizard is almost dead.
The orc wizard barely misses the orc wizard.
The orc wizard closely misses you.
You barely miss the orc wizard.
The orc wizard is almost dead.
The orc wizard misses the orc wizard.
The orc wizard closely misses you.
You closely miss the orc wizard.
The orc wizard is almost dead.
The orc wizard hits you with a +0 dagger.
You die...

...#
#######....†.......#
.###
#^....##.........# .
#.##..##.........#
##.####...######
#........##
#..###.### #.{ #.#
.. #.# ##@# #oo#
#.## #.# #o# #†# #)#
#.# #....#


You could see 2 orc wizards and an orc.

Vanquished Creatures
  2 adders
  A worm (D:2)
  An orc (D:3)
  5 ball pythons
  6 endoplasms (D:1)
  2 giant cockroaches
  8 hobgoblins
  2 quokkas (D:1)
  6 bats
  5 frilled lizards
  A goblin (D:1)
  4 kobolds
  4 rats
47 creatures vanquished.

Notes
Turn   | Place    | Note
-------+----------+-------------------------------------------
     0 | D:1      | happo123 the Formicid Venom Mage began the quest for the
                  | Orb.
     0 | D:1      | Reached XP level 1. HP: 13/13 MP: 3/3
   167 | D:1      | Reached XP level 2. HP: 15/19 MP: 0/5
   170 | D:1      | Learned a level 2 spell: Poisonous Vapours
   525 | D:1      | Reached XP level 3. HP: 14/25 MP: 0/6
   529 | D:1      | Learned a level 3 spell: Mephitic Cloud
  1209 | D:2      | Reached XP level 4. HP: 29/31 MP: 4/8
  1870 | D:3      | Found a transporter.
  1916 | D:3      | Reached skill level 1 in Fighting
  2008 | D:3      | Slain by an orc wizard

Illustrated notes

Levels and vault maps discovered:
D:1:      erik_arrival_cave_to_civilisation [erik_arrival_cave_to_hall],
          layout_basic
D:2:      layout_loops_corners
D:3:      layout_rooms, ebering_ecumenical_altar_mist,
          gammafunk_ghost_abyssal_escape, uniq_robin

Skill      XL: |  1  2  3  4 |
---------------+-------------+-----
Dodging        | 2 |  2.1
Stealth        | 3 |  3.0
Fighting       | 1 |  1.0
Spellcasting   | |  2.9
Conjurations   | |  0.2
Transmutations | |  1.7
Poison Magic   | |  4.8

Action                   |  1- 3 |  4- 6 || total
-------------------------+-------+-------++-------
Melee: Unarmed           |    12 |       ||    12
       Short sword       |    22 |    19 ||    41
       Whip              |       |    14 ||    14
 Cast: Sting             |    43 |     9 ||    52
       Poisonous Vapours |     1 |       ||     1
       Mephitic Cloud    |     2 |     1 ||     3
 Stab: Sleeping          |     3 |     4 ||     7
       Confused          |     2 |       ||     2
Armor: Robe              |     7 |     7 ||    14
Dodge: Dodged            |    35 |    19 ||    54

Table legend: (Time is in decaauts)
 A = Elapsed time spent in this place.
 B = Non-inter-level travel time spent in this place.
 C = Inter-level travel time spent in this place.
 D = Time resting spent in this place.
 E = Time spent auto-exploring this place.
 F = Levels seen in this place.
 G = Mean time per level.
                   A        B        C        D        E       F      G
               +--------+--------+--------+--------+--------+-----+--------+
         Total |   2011 |    997 |   1014 |    113 |    335 |   3 |  670.3 |
       Dungeon |   2011 |    997 |   1014 |    113 |    335 |   3 |  670.3 |
               +--------+--------+--------+--------+--------+-----+--------+

Top non-repeatable levels by time:
     D:1: 1055 daAuts
     D:2: 814 daAuts
     D:3: 141 daAuts
